 Dungeon Crawl Stone Soup version 0.28.0 (webtiles) character file.

Game seed: 8762549388817152570

2099533 wormsofcant the Purifying Gnoll (level 27, 313/313 HPs)
             Began as a Gnoll Wanderer on Feb 4, 2022.
             Was a High Priest of Elyvilon.
             Escaped with the Orb
             ... and 5 runes on Feb 6, 2022!
             The game lasted 06:23:46 (136485 turns).

wormsofcant the Purifying Gnoll (Gnoll Wanderer)  Turns: 136485, Time: 06:23:47

Health: 313/313    AC: 19    Str: 29    XL:     27
Magic:  65/65      EV: 27    Int: 32    God:    Elyvilon [*****.]
Gold:   2351       SH: 12    Dex: 20    Spells: 2/65 levels left

rFire   + + .      SeeInvis +   a - staff of conjuration
rCold   + + +      Faith    .   K - +2 buckler {rF+}
rNeg    . . .      Spirit   .   G - +4 skin of Zhor {*Englaciate rC+++ SInv}
rPois   +          Reflect  .   j - +2 hat "Vitoyth" {rC+ Str+4 Dex+4}
rElec   +          Harm     .   T - +0 cloak of the Archfiend {Contam rElec Int+5}
rCorr   .          Rampage  .   n - +2 pair of gloves
Will    ++...                   O - +2 pair of boots
Stlth   +++.......              y - amulet "Gegg" {rPois Regen+ Str+4}
HPRegen 1.42/turn               D - ring of Ceimooho {rF+ rC+}
MPRegen 0.39/turn               M - ring "Irecw" {Str+6 Int+6 Dex+3}

@: divinely vigorous
A: fangs 1, strong nose, distributed training, deterioration 1
0: Orb of Zot
}: 5/15 runes: decaying, serpentine, slimy, silver, abyssal
a: Renounce Religion, Purification, Heal Other, Heal Self, Divine Vigour


You escaped.
You worshipped Elyvilon.
Elyvilon was extremely pleased with you.
You visited 12 branches of the dungeon, and saw 57 of its levels.
You visited the Abyss 1 time.
You also visited: Ice Cave and Wizlab.

You collected 10688 gold pieces.
You spent 8337 gold pieces at shops.

Inventory:

Hand Weapons
 b - the +7 Spriggan's Knife {stab, EV+4 Stlth+}
   (You found it on level 6 of the Lair of Beasts)

   It is more effective when stabbing unaware enemies, treating them as though
   they were completely helpless.
   EV:        It affects your evasion (+4).
   Stlth:     It makes you more stealthy.
 P - a +9 antimagic broad axe
 W - a +9 vorpal quick blade
Missiles
 m - 7 throwing nets
 o - 1700 stones
 q - 8 javelins (quivered)
 x - 17 silver boomerangs
 Q - 13 curare-tipped darts
 Y - 17 silver javelins
Armour
 j - the +2 hat "Vitoyth" (worn) {rC+ Str+4 Dex+4}
   (You found it on level 2 of the Vaults)

   Str:       It affects your strength (+4).
   Dex:       It affects your dexterity (+4).
   rC:        It protects you from cold.
 n - a +2 pair of gloves (worn)
 G - the +4 skin of Zhor (worn) {*Englaciate rC+++ SInv}
   (You found it on level 6 of the Lair of Beasts)

   It radiates cold, occasionally slowing all nearby creatures who are not
   resistant to cold.
   rC:        It renders you almost immune to cold.
   SInv:      It lets you see invisible.
 K - a +2 buckler of fire resistance (worn)
 O - a +2 pair of boots (worn)
 T - the +0 cloak of the Archfiend (worn) {Contam rElec Int+5}
   (You found it on level 9 of the Dungeon)

   Int:       It affects your intelligence (+5).
   rElec:     It insulates you from electricity.
   Contam:    It causes magical contamination when unequipped.
Magical Staves
 a - a staff of conjuration (weapon)
 c - a staff of cold
 d - a staff of fire
Jewellery
 y - the amulet "Gegg" (around neck) {rPois Regen+ Str+4}
   (You took it off a deep elf high priest on level 3 of the Elven Halls)

   [amulet of regeneration]

   Str:       It affects your strength (+4).
   rPois:     It protects you from poison.
   Regen:     It increases your rate of health regeneration.
 D - the ring of Ceimooho (left hand) {rF+ rC+}
   (You found it in an ice cave)

   [ring of protection from cold]

   rF:        It protects you from fire.
   rC:        It protects you from cold.
 M - the ring "Irecw" (right hand) {Str+6 Int+6 Dex+3}
   (You bought it in a shop on level 1 of the Elven Halls)

   [ring of intelligence]

   Str:       It affects your strength (+6).
   Int:       It affects your intelligence (+6).
   Dex:       It affects your dexterity (+3).
 R - a +4 ring of slaying
Wands
 e - a wand of polymorph (27)
 f - a wand of paralysis (30)
 v - a wand of mindburst (46)
 L - a wand of charming (3)
 S - a wand of iceblast (63)
 V - a wand of acid (30)
 Z - a wand of digging (15)
Scrolls
 g - 2 scrolls of summoning
 k - 7 scrolls of fog
 l - 2 scrolls of blinking
 C - 26 scrolls of teleportation
 E - 12 scrolls of vulnerability
 I - 6 scrolls of fear
 J - 2 scrolls of holy word
Potions
 h - 7 potions of attraction
 i - 10 potions of flight
 r - 4 potions of invisibility
 s - 10 potions of haste
 u - 9 potions of lignification
 w - 8 potions of might
 z - 9 potions of heal wounds
 A - 3 potions of ambrosia
 B - 9 potions of brilliance
 F - 28 potions of curing
 H - 8 potions of magic
 U - 5 potions of cancellation
 X - 3 potions of resistance
Miscellaneous
 p - a phantom mirror (inert)
 t - a phial of floods
 N - a box of beasts (inert)


   Skills:
 + Level 20.2 Fighting
 + Level 19.7 Short Blades
 + Level 19.7 Long Blades
 + Level 19.7 Axes
 + Level 20.6 Maces & Flails
 + Level 19.7 Polearms
 + Level 19.7 Staves
 + Level 19.7 Slings
 + Level 19.7 Bows
 + Level 19.7 Crossbows
 + Level 19.9 Throwing
 + Level 19.7 Armour
 + Level 20.2 Dodging
 + Level 19.9 Stealth
 + Level 19.7 Shields
 + Level 19.7 Unarmed Combat
 + Level 19.9 Spellcasting
 + Level 16.9 Conjurations
 + Level 16.9 Hexes
 + Level 16.9 Summonings
 + Level 16.9 Necromancy
 + Level 16.9 Translocations
 + Level 16.9 Transmutations
 + Level 16.9 Fire Magic
 + Level 16.9 Ice Magic
 + Level 16.9 Air Magic
 + Level 16.9 Earth Magic
 + Level 16.9 Poison Magic
 + Level 21.3 Invocations
 + Level 19.7 Evocations


You had 2 spell levels left.
You knew the following spells:

 Your Spells              Type           Power      Damage    Failure   Level
a - Irradiate             Conj/Tmut      59%        3d33      1%          5
b - Summon Mana Viper     Hex/Summ       96%        N/A       1%          5
c - Iron Shot             Conj/Erth      59%        9d11      1%          6
d - Sandblast             Erth           100%       2d20      0%          1
e - Summon Cactus Giant   Summ           48%        N/A       1%          6
f - Hailstorm             Conj/Ice       100%       3d20      0%          4
g - Lee's Rapid Deconstr  Erth           48%        3d24*     1%          5
h - Maxwell's Capacitive  Air            48%        ∞         8%          8
i - Yara's Violent Unrav  Hex/Tmut       48%        3d19      1%          5
x - Apportation           Tloc           100%       N/A       0%          1
A - Ozocubu's Armour      Ice            96%        N/A       0%          3
E - Passwall              Tmut/Erth      80%        N/A       0%          2
J - Ozocubu's Refrigerat  Ice            48%        4d14      1%          7
Q - Blink                 Tloc           100%       N/A       0%          2
U - Swiftness             Air            96%        N/A       0%          3

Your spell library contained the following spells:

 Spells                   Type           Power      Damage    Failure   Level
 Animate Skeleton         Necr           100%       N/A       0%          1
 Beastly Appendage        Tmut           100%       N/A       0%          1
 Foxfire                  Conj/Fire      100%       2x1d9     0%          1
 Freeze                   Ice            100%       1d11      0%          1
 Magic Dart               Conj           100%       1d8       0%          1
 Pain                     Necr           100%       1d9       0%          1
 Shock                    Conj/Air       100%       1d9       0%          1
 Slow                     Hex            100%       N/A       0%          1
 Sting                    Tmut/Pois      100%       1d8       0%          1
 Summon Small Mammal      Summ           100%       N/A       0%          1
 Call Imp                 Summ           96%        N/A       0%          2
 Ensorcelled Hibernation  Hex/Ice        100%       N/A       0%          2
 Static Discharge         Conj/Air       100%       N/A       0%          2
 Sublimation of Blood     Necr           96%        N/A       0%          2
 Wereblood                Tmut           96%        N/A       0%          2
 Call Canine Familiar     Summ           96%        N/A       0%          3
 Confusing Touch          Hex            96%        N/A       0%          3
 Conjure Flame            Conj/Fire      100%       6-21      0%          3
 Dazzling Flash           Conj/Hex       100%       N/A       0%          3
 Frozen Ramparts          Ice            100%       1d12      0%          3
 Gell's Gravitas          Tloc           96%        N/A       0%          3
 Inner Flame              Hex/Fire       96%        N/A       0%          3
 Lesser Beckoning         Tloc           96%        N/A       0%          3
 Mephitic Cloud           Conj/Pois/Air  100%       N/A       0%          3
 Spider Form              Tmut/Pois      96%        N/A       0%          3
 Stone Arrow              Conj/Erth      100%       3d13      0%          3
 Summon Guardian Golem    Hex/Summ       96%        N/A       0%          3
 Teleport Other           Tloc           96%        N/A       0%          3
 Tukima's Dance           Hex            96%        N/A       0%          3
 Vampiric Draining        Necr           96%        2d12      0%          3
 Anguish                  Hex/Necr       48%        N/A       0%          4
 Animate Armour           Summ/Erth      100%       N/A       0%          4
 Animate Dead             Necr           48%        N/A       0%          4
 Dispel Undead            Necr           96%        3d30      0%          4
 Flame Wave               Conj/Fire      100%       2d17      0%          4
 Ice Form                 Ice/Tmut       96%        N/A       0%          4
 Iskenderun's Mystic Bla  Conj/Tloc      100%       2d19      0%          4
 Leda's Liquefaction      Hex/Erth       48%        N/A       0%          4
 Passage of Golubria      Tloc           96%        N/A       0%          4
 Petrify                  Tmut/Erth      96%        N/A       0%          4
 Sticky Flame             Conj/Fire      100%       2d11      0%          4
 Summon Ice Beast         Ice/Summ       96%        N/A       0%          4
 Agony                    Necr           96%        N/A       1%          5
 Borgnjor's Vile Clutch   Necr/Erth      48%        N/A       1%          5
 Excruciating Wounds      Necr           48%        N/A       1%          5
 Fireball                 Conj/Fire      59%        3d23      1%          5
 Freezing Cloud           Conj/Ice/Air   59%        6-21      1%          5
 Iskenderun's Battlesphe  Conj           100%       2d15      1%          5
 Lightning Bolt           Conj/Air       59%        1d81      1%          5
 Manifold Assault         Tloc           96%        N/A       1%          5
 Metabolic Englaciation   Hex/Ice        48%        N/A       1%          5
 Silence                  Hex/Air        48%        N/A       1%          5
 Summon Forest            Summ/Tloc      48%        N/A       1%          5
 Conjure Ball Lightning   Conj/Air       59%        3x3d21    1%          6
 Death Channel            Necr           48%        N/A       1%          6
 Dispersal                Tloc           48%        N/A       1%          6
 Simulacrum               Ice/Necr       48%        N/A       1%          6
 Starburst                Conj/Fire      59%        6d16      1%          6
 Statue Form              Tmut/Erth      64%        N/A       1%          6
 Malign Gateway           Summ/Tloc      48%        N/A       1%          7
 Orb of Destruction       Conj           59%        9d14      1%          7
 Spellforged Servitor     Conj/Summ      59%        N/A       1%          7
 Storm Form               Tmut/Air       48%        N/A       1%          7
 Summon Hydra             Summ           48%        N/A       1%          7
 Discord                  Hex            48%        N/A       8%          8
 Disjunction              Tloc           48%        N/A       8%          8
 Ignition                 Fire           48%        3d14      8%          8
 Lehudib's Crystal Spear  Conj/Erth      59%        10d14     8%          8
 Fire Storm               Conj/Fire      59%        8d15      75%         9
 Polar Vortex             Ice            48%        N/A       75%         9
 Shatter                  Erth           48%        3d37*     75%         9


Dungeon Overview and Level Annotations

Branches:
Dungeon (15/15)            Temple (0/1) D:4            Lair (6/6) D:11
  Swamp (4/4) Lair:2        Snake (4/4) Lair:4        Slime (5/5) Lair:5
    Orc (2/2) D:12            Elf (3/3) Orc:2        Vaults (5/5) D:14
  Crypt (3/3) Vaults:2       Tomb (1/3) Crypt:3      Depths (4/4) D:15
    Zot (5/5) Depths:4      IceCv (visited)          WizLab (visited)

Altars:
Ashenzari
Cheibriados
Dithmenos
Elyvilon
Gozag
Hepliaklqana
Kikubaaqudgha
Nemelex Xobeh
Ru
Sif Muna
Trog
Vehumet
Yredelemnul
The Shining One
Jiyva

Shops:
D:5 (   D:9 [   D:12 [   D:15 *   Orc:2 ?[=   Elf:1 *=[*   Elf:3 :   Snake:1 !
Snake:2 *   Snake:4 ==:   Vaults:2 (   Vaults:3 =

Portals:
Hell: Depths:1 Depths:2 Depths:3 Depths:4
Abyss: Depths:2 Depths:3
Pandemonium: Depths:1 Depths:2 Depths:4
Ziggurat: Depths:1
Trove: Depths:1 (give +4 fire dragon scales)

Annotations:
Elf:2 exclusion: 3 dancing weapons
Vaults:2 exclusion: downstairs
Vaults:4 exclusion: 2 downstairs
Crypt:3 Mennas
Zot:2 1 transporter, 1 exclusion
Zot:4 exclusions: orb of fire and 2 upstairs
Zot:5 1 exclusion


Innate Abilities, Weirdness & Mutations

You have very sharp teeth.
Your uncanny sense of smell can sniff out nearby items.
Your experience applies equally to all skills.
Your body sometimes deteriorates upon taking damage.


Message History

(P) Snake Pit (M) Slime Pits (O) Orcish Mines (E) Elven Halls (V) Vaults (C) Crypt (W) Tomb (U) Depths (H) Hell (Z) Zot
Where to? (Enter - D:4, ? - help)
You open the door.
There is an open door here.
There is a fountain of clear blue water here.
There is an open door here.
There is an open door here.
There is an open door here.
There is a stone staircase leading up here.
You climb upwards.
There is a stone staircase leading down here.
Casting: Passwall (safe; 0% risk of failure)
Confirm with . or Enter, or press ? or * to list all spells.
Aiming: Passwall (safe; 0% risk of failure)
Press: ? - help, Dir - move target A rock wall.
This square is covered in magical glow.
You begin to meditate on the wall.
You continue meditating on the rock. x2
You finish merging with the rock.
There is a staircase leading out of the dungeon here.
You open the lid... ...and an elder oxsting beast leaps out!
The box is emptied!
Aiming: Phantom Mirror
Press: ? - help, Dir - move target, f - you Sorry, you can't target yourself.
Okay, then.
Unknown command.
Unknown command.
Aiming: Phantom Mirror
Press: ? - help, Dir - move target, f - elder oxsting beast
Aim: an elder oxsting beast (summoned, friendly)
You reflect your elder oxsting beast with the mirror!
The mirror clouds!
Elyvilon grants you divine vigour.
Okay, then.
Okay, then.
You have escaped!

.....#........######## #.# #..
.....######........♣.## #.# ###
.....# #...♣.♣♣..♣.###.#######
.....# ##♣..........P.##.#......
....## #P......P...♣..P..#.#####
###.#####♣P.P.P...P.......#.#....
#........♣P♣...........P#.#.#.###
#.#.####..P..P.....P....#.#.#.# #
..#.# #.♣......@....♣..#.#.#.# #
###.# #.....P.HH..P.P..#.#.#.###
....# #.P............♣♣.........
##### #......P...P.♣♣....#.#.###
# #.P.♣....P.........#.#.... #
#.#PP..♣...♣....#..#.###.. ####
#.##...♣.......#...#.# #.# ...#
#.###P....♣.♣.##.#.#.###.. ##.#
#..................#.#....


You could see 2 friendly mutant beasts.

Vanquished Creatures
  the Royal Jelly (Slime:5)
  Dissolution (Slime:4)
  A pandemonium lord (Zot:3)
  2 dread liches
  3 orbs of fire
  Khufu (Crypt:2)
  Mara (Swamp:3)
  A juggernaut (Depths:3)
  3 royal mummies
  The ghost of corvin the Brawler, a veteran TrBe of Trog (Vaults:4)
  Bai Suzhen (Vaults:3)
  5 Killer Klowns (Zot:5)
  Saint Roka (Depths:2)
  Margery (Vaults:3)
  2 curse toes
  A caustic shrike (Depths:2)
  8 golden dragons
  A Brimstone Fiend (Zot:5)
  2 shard shrike zombies
  A bone dragon (Crypt:3)
  2 electric golems (Zot:5)
  6 tentacled monstrosities
  3 walking crystal tomes (Depths:3)
  11 liches
  20 Orb Guardians
  A walking earthen tome (Depths:4)
  Asterion (Snake:2)
  6 titans
  3 deep elf blademasters (Elf:3)
  A deep elf master archer (Elf:3)
  A walking divine tome (Depths:2)
  2 quicksilver dragons
  21 acid blobs
  13 sphinxes
  A death cob (Zot:2)
  11 storm dragons
  6 ancient champions
  Agnes (Elf:1)
  A sphinx (shapeshifter) (Depths:1)
  The ghost of Polaczum the Brawler, an adept TrMo of Nemelex Xobeh (Depths:4)
  3 thorn hunters
  12 tengu reavers
  Donald (Snake:3)
  8 shadow dragons
  10 azure jellies
  6 revenants
  9 rockslimes
  13 frost giants
  3 iron dragons
  A nagaraja (Snake:4)
  9 fire giants
  7 draconian monks
  16 vault wardens
  A fenstrider witch (shapeshifter) (Vaults:5)
  10 deep elf sorcerers
  A balrug (Depths:4)
  8 draconian knights
  2 draconian scorchers
  5 ghost moths
  3 curse skulls
  7 draconian shifters
  Aizul (Snake:2)
  Louise (Depths:2)
  3 draconian stormcallers
  7 ghouls
  6 deep elf elementalists (Elf:3)
  2 war gargoyles (Vaults:5)
  27 ironbound preservers
  2 spriggan defenders (Depths:2)
  8 draconian annihilators
  4 ironbound thunderhulks
  24 very ugly things
  2 bennus (Tomb:1)
  21 stone giants
  11 quicksilver oozes
  2 eleionomae
  Azrael (D:14)
  8 vampire knights
  4 dire elephants
  11 red draconians
  6 green draconians
  8 black draconians
  10 deep elf demonologists
  16 yellow draconians
  9 deep elf annihilators (Elf:3)
  3 spark wasps
  8 white draconians
  11 bunyips
  18 purple draconians
  2 crystal guardians (Vaults:3)
  9 eidola
  13 deep elf death magi
  9 jiangshi
  6 mummy priests (Tomb:1)
  9 statues (WizLab)
  10 fire dragons
  A merfolk javelineer (Depths:1)
  A shambling mangrove (Swamp:3)
  15 ettins
  20 yaktaur captains
  2 peacekeepers (Vaults:3)
  A fenstrider witch zombie (Tomb:1)
  16 great orbs of eyes
  6 spriggan air magi
  3 boulder beetles
  16 naga warriors
  32 vault guards
  A quicksilver dragon skeleton (Tomb:1)
  26 hydras
  3 rakshasas
  12 deep elf high priests
  7 ironbound frosthearts
  4 ice dragons
  A spriggan skeleton (Crypt:3)
  3 salamander tyrants (Snake:4)
  2 centaur warriors
  2 death yaks
  A fenstrider witch skeleton (Crypt:3)
  2 ghost crabs
  3 death knights
  4 anacondas
  4 ogre magi
  21 dancing weapons
  10 alligators
  12 death scarabs (Tomb:1)
  A two-headed ogre (shapeshifter) (Depths:3)
  15 two-headed ogres
  11 tengu warriors
  4 deep troll shamans
  8 vampire magi
  8 deep troll earth magi
  A titan zombie (Tomb:1)
  4 naga sharpshooters
  7 spriggan berserkers
  A shock serpent (shapeshifter) (Depths:2)
  7 shock serpents
  12 spriggans
  2 soul eaters
  16 deep elf knights
  A sun demon (Depths:4)
  A shadow wraith (Vaults:3)
  A sixfirhy (Abyss:3)
  5 iron trolls
  2 spatial maelstroms (Abyss:5)
  A fire crab (shapeshifter) (Elf:2)
  20 hell knights
  26 skeletal warriors
  86 deep trolls
  8 flayed ghosts
  14 sea snakes
  4 spriggan druids
  A golden dragon zombie (Crypt:3)
  A goliath frog (Swamp:1)
  3 salamander mystics
  A sea snake (shapeshifter) (D:14)
  A shadow demon (Depths:1)
  2 bunyip skeletons (Crypt:3)
  5 glowing orange brains
  A glowing orange brain (shapeshifter) (Depths:2)
  5 naga ritualists (Snake:4)
  A sphinx zombie (Crypt:1)
  4 swamp dragons
  17 wizards
  2 obsidian statues
  7 deep elf archers
  2 spriggan simulacra (IceCv)
  7 bog bodies
  An orc knight (Vaults:5)
  15 lindwurms
  12 ironbound convokers
  19 phantasmal warriors
  7 harpies (Vaults:1)
  26 deep elf pyromancers
  28 deep elf zephyrmancers
  14 necromancers
  51 ugly things
  An iron dragon zombie (Abyss:5)
  4 will-o-the-wisps
  A sphinx skeleton (Crypt:1)
  A manticore (D:14)
  5 orc sorcerers
  A mana viper (Vaults:4)
  5 cyclopes
  4 shining eyes
  4 worldbinders (Abyss:5)
  An iron dragon skeleton (Crypt:3)
  11 salamanders
  5 oklob plants
  14 elephants
  14 moths of wrath
  30 black mambas
  A fire giant skeleton (Crypt:3)
  17 vault sentinels
  4 eyes of devastation
  A dire elephant zombie (Crypt:3)
  16 naga magi
  A rust devil (Depths:1)
  A molten gargoyle (Lair:6)
  3 torpor snails (Lair:6)
  2 guardian serpents
  A stone giant skeleton (Crypt:1)
  2 smoke demons
  Joseph (D:7)
  17 cane toads
  2 orange demons
  A minotaur zombie (Crypt:3)
  7 rime drakes
  A shock serpent skeleton (Crypt:1)
  2 efreet
  A white draconian zombie (Crypt:3)
  A minotaur skeleton (Crypt:3)
  2 hellions (Abyss:5)
  A yaktaur (shapeshifter) (Vaults:5)
  A green draconian skeleton (Crypt:1)
  23 freezing wraiths
  17 komodo dragons
  An ancient zyme (Abyss:5)
  An ice devil (Depths:4)
  19 tengu conjurers
  2 anaconda simulacra (IceCv)
  A white draconian skeleton (Crypt:3)
  50 yaktaurs
  13 trolls
  An entropy weaver simulacrum (IceCv)
  16 guardian mummies
  A merfolk (shapeshifter) (Vaults:5)
  A moth of wrath zombie (Crypt:2)
  A sea snake skeleton (Crypt:1)
  9 tyrant leeches
  A queen bee (Lair:3)
  4 bloated husks
  2 hydra zombies
  15 hornets
  Prince Ribbit (D:5)
  2 harpy zombies
  An ice dragon zombie (Crypt:1)
  13 blink frogs
  2 polar bears
  3 raiju
  67 slime creatures
  A blink frog (shapeshifter) (Elf:1)
  A wind drake (shapeshifter) (Elf:1)
  7 dream sheep (Lair:6)
  2 ettin zombies
  3 air elementals
  16 flying skulls
  5 dire elephant simulacra (IceCv)
  A fire dragon skeleton (Crypt:3)
  2 shadows
  An orc simulacrum (Crypt:1)
  2 ushabtiu (Tomb:1)
  11 wraiths
  6 water elementals
  5 golden eyes
  38 yaks
  9 wyverns
  3 chaos spawn
  A redback (Vaults:3)
  A black mamba skeleton (Crypt:3)
  5 steam dragons
  10 basilisks
  Grum (D:8)
  An elf skeleton (Vaults:4)
  5 fire elementals
  3 harpy simulacra (IceCv)
  14 vampire mosquitoes
  A minotaur simulacrum (IceCv)
  33 nagas
  8 wargs
  2 hydra simulacra (IceCv)
  4 spatial vortices (Abyss:5)
  10 swamp worms
  A water nymph zombie (Crypt:2)
  5 nameless horrors
  Duvessa (D:4)
  17 water moccasins
  A floating eye (shapeshifter) (Depths:2)
  5 hell hounds
  3 floating eyes
  A water nymph skeleton (Crypt:1)
  27 orc warriors
  3 black bears
  4 swamp drakes
  4 ice beasts
  An elephant zombie (Crypt:1)
  2 naga skeletons (Crypt:3)
  An ice beast (shapeshifter) (D:13)
  A human zombie (Vaults:4)
  3 necrophages
  5 alligator simulacra (IceCv)
  22 ogres
  17 wolves
  4 boggarts (Vaults:4)
  15 centaurs
  A blink frog skeleton (Crypt:2)
  2 phantoms (D:5)
  A swamp dragon skeleton (Crypt:1)
  2 rime drake zombies
  An octopode zombie (Crypt:2)
  2 kobold brigands
  A deep troll simulacrum (IceCv)
  An earth elemental (Elf:2)
  7 bullfrogs
  3 gnoll sergeants
  An ogre simulacrum (Vaults:4)
  A komodo dragon skeleton (Crypt:1)
  5 scorpions
  A wyvern skeleton (D:7)
  A polar bear zombie (Crypt:1)
  Dowan (D:4)
  40 killer bees
  A shapeshifter zombie (Crypt:3)
  A lindwurm simulacrum (IceCv)
  6 wights
  3 howler monkeys (D:14)
  3 electric eels
  5 lava snakes
  8 centaur zombies
  18 jellies
  20 orc priests
  3 hounds
  4 centaur skeletons
  A small abomination (Abyss:3)
  3 iguanas
  21 orc wizards
  7 hell rats (Lair:1)
  Terence (D:3)
  A killer bee zombie (D:5)
  A centaur simulacrum (D:9)
  A hound skeleton (Crypt:3)
  30 mummies
  3 howler monkey zombies
  A howler monkey skeleton (D:9)
  8 adders
  15 gnolls
  A river rat (D:11)
  An ufetubus (D:6)
  An adder skeleton (D:4)
  3 worms
  3 dart slugs
  77 orcs
  3 ball pythons
  3 endoplasms
  2 giant cockroaches
  8 goblins
  4 hobgoblins
  A jackal (D:4)
  A kobold (shapeshifter) (Vaults:3)
  5 quokkas
  A bat (D:3)
  3 frilled lizards
  A hobgoblin zombie (Crypt:3)
  12 kobolds
  9 rats
  A rat zombie (Crypt:2)
  A foxfire (Vaults:1)
2493 creatures vanquished.

Vanquished Creatures (collateral kills)
  A juggernaut (Depths:3)
  A Killer Klown (Zot:5)
  Nikola (Swamp:3)
  Rupert (D:12)
  A tentacled monstrosity (Depths:2)
  3 nagarajas
  An azure jelly (Swamp:4)
  2 iron dragons
  2 vault wardens (Vaults:3)
  4 ironbound preservers
  A very ugly thing (Vaults:4)
  A spriggan defender (Depths:3)
  An ironbound thunderhulk (Vaults:3)
  A vampire knight (Crypt:1)
  An entropy weaver (Vaults:3)
  A dire elephant (Vaults:1)
  A bunyip (Swamp:1)
  An ettin (Vaults:3)
  An eidolon (Vaults:4)
  A shambling mangrove (Swamp:4)
  A fire dragon (Depths:4)
  A peacekeeper (Vaults:3)
  A hydra (Lair:6)
  A spriggan air mage (Depths:4)
  A vault guard (Vaults:3)
  2 anacondas
  3 dancing weapons
  A two-headed ogre (Orc:2)
  3 naga sharpshooters
  A spriggan berserker (Depths:4)
  3 salamander mystics
  6 deep trolls
  A sea snake (Snake:4)
  3 swamp dragons (Swamp:4)
  2 phantasmal warriors
  2 bog bodies
  2 naga ritualists (Snake:4)
  A wizard (Vaults:1)
  An orc knight (D:12)
  2 ugly things
  2 orc sorcerers (Elf:1)
  A mana viper (Snake:2)
  A moth of wrath (Zot:4)
  A guardian serpent (Snake:2)
  5 salamanders (Snake:4)
  2 molten gargoyles (Lair:6)
  3 black mambas
  5 naga magi
  A vault sentinel (Vaults:3)
  A komodo dragon (Lair:6)
  A yaktaur (Vaults:2)
  An anaconda simulacrum (IceCv)
  A freezing wraith (Swamp:4)
  A troll (Orc:2)
  2 hornets (Swamp:1)
  6 slime creatures
  5 spriggans (Swamp:1)
  2 wraiths
  2 redbacks (Vaults:3)
  A minotaur simulacrum (IceCv)
  A swamp worm (Swamp:1)
  11 nagas
  A hell hound (Lair:6)
  A water moccasin (D:9)
  A floating eye (D:9)
  2 orc warriors
  3 ogres (Orc:2)
  A centaur (D:9)
  A kobold brigand (D:9)
  A gnoll sergeant (D:9)
  An earth elemental (Elf:1)
  A lava snake (Lair:6)
  2 orc priests
  An orc wizard (Orc:2)
  4 orcs
  15 foxfires
156 creatures vanquished.

Vanquished Creatures (others)
  A Killer Klown (Zot:5)
  A death cob (Zot:4)
  A shadow dragon (Depths:3)
  A vault warden (Vaults:3)
  A draconian stormcaller (Zot:3)
  A very ugly thing (Vaults:4)
  A green draconian (Zot:3)
  A bunyip (Swamp:1)
  A two-headed ogre (Orc:2)
  A shock serpent (Snake:1)
  A naga sharpshooter (Snake:4)
  A sixfirhy (D:2)
  A swamp dragon (Swamp:3)
  A naga ritualist (Snake:1)
  A phantasmal warrior (Vaults:5)
  A black mamba (Snake:1)
  A vault sentinel (Vaults:4)
  A rime drake (Lair:2)
  A tengu conjurer (Vaults:2)
  A bloated husk (Swamp:4)
  3 slime creatures
  An acid dragon (shapeshifter) (D:14)
  A swamp worm (Swamp:4)
  An ogre (Orc:2)
  A centaur (D:11)
  3 killer bees
  An orc priest (D:8)
  An orc wizard (D:8)
  A quokka (Depths:3)
  3456 foxfires
  43 fungi
  86 plants
  54 withered plants (Crypt:2)
3672 creatures vanquished.

Grand Total: 6321 creatures vanquished

Notes
Turn   | Place    | Note
-------+----------+-------------------------------------------
     0 | D:1      | wormsofcant the Gnoll Wanderer began the quest for the Orb.
     0 | D:1      | wormsofcant set off with the following items: a +1 flail, a
                  | +0 pair of gloves, a +0 robe
     0 | D:1      | Reached XP level 1. HP: 20/20 MP: 4/4
   170 | D:1      | Found a faded altar of an unknown god.
   246 | D:1      | Prayed at the altar of an unknown god.
   246 | D:1      | Became a worshipper of Elyvilon the Healer
   246 | D:1      | Reached * piety under Elyvilon
   494 | D:1      | Reached XP level 2. HP: 26/26 MP: 5/5
  1042 | D:2      | Reached ** piety under Elyvilon
  1321 | D:2      | Reached XP level 3. HP: 30/31 MP: 7/7
  1345 | D:2      | Reached skill level 1 in Invocations
  1389 | D:2      | Reached skill level 1 in Short Blades
  1389 | D:2      | Reached skill level 1 in Long Blades
  1389 | D:2      | Reached skill level 1 in Axes
  1389 | D:2      | Reached skill level 1 in Polearms
  1389 | D:2      | Reached skill level 1 in Staves
  1389 | D:2      | Reached skill level 1 in Slings
  1389 | D:2      | Reached skill level 1 in Bows
  1389 | D:2      | Reached skill level 1 in Crossbows
  1389 | D:2      | Reached skill level 1 in Armour
  1389 | D:2      | Reached skill level 1 in Shields
  1389 | D:2      | Reached skill level 1 in Unarmed Combat
  1389 | D:2      | Reached skill level 1 in Evocations
  1580 | D:2      | Reached XP level 4. HP: 38/38 MP: 8/8
  1707 | D:2      | Reached skill level 1 in Conjurations
  1707 | D:2      | Reached skill level 1 in Hexes
  1707 | D:2      | Reached skill level 1 in Summonings
  1707 | D:2      | Reached skill level 1 in Necromancy
  1707 | D:2      | Reached skill level 1 in Translocations
  1707 | D:2      | Reached skill level 1 in Transmutations
  1707 | D:2      | Reached skill level 1 in Fire Magic
  1707 | D:2      | Reached skill level 1 in Ice Magic
  1707 | D:2      | Reached skill level 1 in Air Magic
  1707 | D:2      | Reached skill level 1 in Earth Magic
  1707 | D:2      | Reached skill level 1 in Poison Magic
  2203 | D:3      | Reached *** piety under Elyvilon
  2457 | D:3      | Reached XP level 5. HP: 43/43 MP: 9/9
  2729 | D:3      | Noticed Terence
  2731 | D:3      | Found an opulent altar of Gozag.
  2859 | D:3      | Killed Terence
  2945 | D:3      | Found an ancient bone altar of Kikubaaqudgha.
  2945 | D:3      | Found a shimmering blue altar of Sif Muna.
  2945 | D:3      | Found a radiant altar of Vehumet.
  2958 | D:3      | Found a broken altar of Ashenzari.
  2958 | D:3      | Found a bloodstained altar of Trog.
  3549 | D:4      | Found a staircase to the Ecumenical Temple.
  3564 | D:3      | Reached skill level 2 in Invocations
  3564 | D:3      | Reached XP level 6. HP: 48/50 MP: 9/11
  3591 | D:4      | Reached skill level 5 in Fighting
  3591 | D:4      | Reached skill level 5 in Dodging
  4000 | D:4      | Found a large runed translucent door.
  4000 | D:4      | Found a large runed translucent door.
  4000 | D:4      | Reached **** piety under Elyvilon
  4365 | D:5      | Entered Level 5 of the Dungeon
  4400 | D:5      | Reached XP level 7. HP: 54/56 MP: 12/12
  4701 | D:5      | Reached skill level 3 in Invocations
  4750 | D:5      | Reached XP level 8. HP: 62/63 MP: 14/14
  4757 | D:5      | Found a hazy altar of Hepliaklqana.
  4824 | D:5      | Noticed Prince Ribbit
  4842 | D:5      | Killed Prince Ribbit
  4946 | D:5      | Found Honkepn's Antique Weapon Emporium.
  5180 | D:5      | Noticed Duvessa
  5181 | D:5      | Noticed Dowan
  5201 | D:4      | Killed Duvessa
  5703 | D:5      | Learned a level 1 spell: Foxfire
  5866 | D:6      | Reached skill level 4 in Invocations
  6199 | D:6      | Noticed a hornet
  6200 | D:6      | Pacified a hornet
  6201 | D:6      | Reached XP level 9. HP: 69/69 MP: 13/16
  6610 | D:6      | Reached skill level 5 in Spellcasting
  6701 | D:6      | Reached ***** piety under Elyvilon
  7243 | D:7      | Reached skill level 5 in Throwing
  7520 | D:7      | Reached skill level 5 in Stealth
  7977 | D:7      | Noticed Joseph
  8464 | D:8      | Noticed Grum
  8485 | D:8      | Killed Grum
  8486 | D:8      | Reached skill level 5 in Invocations
  8611 | D:7      | Killed Joseph
  8758 | D:7      | Reached XP level 10. HP: 77/77 MP: 18/18
  8961 | D:8      | Reached skill level 5 in Short Blades
  8961 | D:8      | Reached skill level 5 in Long Blades
  8961 | D:8      | Reached skill level 5 in Axes
  8961 | D:8      | Reached skill level 5 in Polearms
  8961 | D:8      | Reached skill level 5 in Staves
  8961 | D:8      | Reached skill level 5 in Slings
  8961 | D:8      | Reached skill level 5 in Bows
  8961 | D:8      | Reached skill level 5 in Crossbows
  8961 | D:8      | Reached skill level 5 in Armour
  8961 | D:8      | Reached skill level 5 in Shields
  8961 | D:8      | Reached skill level 5 in Unarmed Combat
  8961 | D:8      | Reached skill level 5 in Evocations
  9140 | D:8      | Learned a level 4 spell: Flame Wave
  9167 | D:8      | Noticed a two-headed ogre
 10345 | D:7      | Noticed a two-headed ogre
 10374 | D:7      | Killed a two-headed ogre
 10375 | D:7      | Reached skill level 6 in Invocations
 10719 | D:4      | Killed Dowan
 10771 | D:4      | Found a sparkling altar of Nemelex Xobeh.
 10784 | D:4      | Found a sacrificial altar of Ru.
 10894 | D:9      | Found Beid's Antique Armour Shop.
 10983 | D:5      | Bought a smoking longbow for 285 gold pieces
 10983 | D:5      | Identified the +4 longbow "Kexuil" {venom, Drain rN+ rCorr}
                  | (You bought it in a shop on level 5 of the Dungeon)
 11075 | D:9      | Bought a transparent robe for 171 gold pieces
 11075 | D:9      | Identified the +0 robe of Inference {rN+ Str+4} (You bought
                  | it in a shop on level 9 of the Dungeon)
 11370 | D:9      | Reached XP level 11. HP: 35/84 MP: 17/20
 11989 | D:9      | Noticed a two-headed ogre
 12014 | D:9      | Killed a two-headed ogre
 12015 | D:9      | Reached skill level 5 in Conjurations
 12015 | D:9      | Reached skill level 5 in Hexes
 12015 | D:9      | Reached skill level 5 in Summonings
 12015 | D:9      | Reached skill level 5 in Necromancy
 12015 | D:9      | Reached skill level 5 in Translocations
 12015 | D:9      | Reached skill level 5 in Transmutations
 12015 | D:9      | Reached skill level 5 in Fire Magic
 12015 | D:9      | Reached skill level 5 in Ice Magic
 12015 | D:9      | Reached skill level 5 in Air Magic
 12015 | D:9      | Reached skill level 5 in Earth Magic
 12015 | D:9      | Reached skill level 5 in Poison Magic
 12176 | D:9      | Found a shadowy altar of Dithmenos.
 12447 | D:9      | Noticed a catoblepas
 12767 | D:9      | Identified the +0 cloak of the Archfiend {Contam rElec
                  | Int+5}
 13038 | D:9      | Found a snail-covered altar of Cheibriados.
 13926 | D:9      | Learned a level 2 spell: Passwall
 13998 | D:10     | Entered Level 10 of the Dungeon
 14417 | D:10     | Paralysed by a hornet for 1 turns
 14749 | D:10     | Reached skill level 7 in Invocations
 15593 | D:11     | Found a staircase to the Lair.
 15593 | D:11     | Noticed a death yak
 15593 | D:11     | Noticed a death yak
 15608 | D:11     | Noticed a death yak
 15863 | D:11     | Noticed a cyclops
 15869 | D:11     | Killed a cyclops
 15898 | D:11     | Noticed a centaur warrior
 15928 | D:11     | Killed a centaur warrior
 16172 | D:11     | Noticed a two-headed ogre
 16182 | D:11     | Killed a two-headed ogre
 16514 | D:11     | Pacified a death yak
 16570 | D:11     | Killed a death yak
 16571 | D:11     | Reached XP level 12. HP: 31/94 MP: 23/23
 17373 | D:11     | Noticed a two-headed ogre
 17390 | D:11     | Killed a two-headed ogre
 17917 | D:5      | Bought a shimmering falchion for 240 gold pieces
 17917 | D:5      | Identified the +6 falchion of Noon {pain, Drain rElec rN+}
                  | (You bought it in a shop on level 5 of the Dungeon)
 18058 | Lair:1   | Entered Level 1 of the Lair of Beasts
 18098 | Lair:1   | Noticed a six-headed hydra
 18099 | Lair:1   | Pacified a six-headed hydra
 18214 | Lair:1   | Reached skill level 8 in Invocations
 18358 | Lair:1   | Learned a level 3 spell: Swiftness
 18364 | Lair:1   | Learned a level 5 spell: Summon Mana Viper
 18823 | Lair:1   | Reached skill level 10 in Maces & Flails
 19164 | Lair:2   | Noticed a seven-headed hydra
 19175 | Lair:2   | Pacified a seven-headed hydra
 19675 | Lair:2   | Noticed a seven-headed hydra
 19684 | Lair:2   | Killed a seven-headed hydra
 19781 | Lair:2   | Found a staircase to the Swamp.
 19801 | Lair:2   | HP: 4/95 [yak (8)]
 20279 | Lair:2   | Identified the +1 great sword of Overwhelming Force
                  | {vorpal, Drain rPois Dex+6}
 20420 | Lair:2   | Reached XP level 13. HP: 96/101 MP: 23/25
 20579 | Lair:2   | Identified the +1 ring mail of Cynicism {Rampage +Blink
                  | rF+}
 23044 | Lair:4   | Reached skill level 9 in Invocations
 23594 | Lair:4   | Learned a level 4 spell: Sticky Flame
 23905 | Lair:4   | Found a staircase to the Snake Pit.
 25756 | Lair:4   | Reached skill level 10 in Fighting
 25756 | Lair:4   | Reached skill level 10 in Dodging
 25802 | Lair:5   | Reached XP level 14. HP: 83/110 MP: 16/27
 26188 | Lair:5   | Reached ****** piety under Elyvilon
 26274 | Lair:5   | Found a staircase to the Slime Pits.
 26609 | Lair:5   | Identified the +1 scale mail of Absence {Dex+4}
 27464 | Lair:3   | Reached skill level 10 in Invocations
 27638 | Lair:3   | Identified the +2 robe "Vaqo Vorayl" {Harm rPois Str+7
                  | Slay-4}
 27902 | Lair:6   | Entered Level 6 of the Lair of Beasts
 29185 | Lair:6   | Identified a scroll of acquirement
 29186 | Lair:6   | Acquired 1134 gold pieces
 29544 | D:9      | Bought a faintly glowing scale mail for 270 gold pieces
 29544 | D:9      | Identified the +1 scale mail of Nemisun {-Tele rN++ rCorr}
                  | (You bought it in a shop on level 9 of the Dungeon)
 30050 | Lair:6   | Reached skill level 10 in Spellcasting
 30274 | Lair:6   | Found the +4 skin of Zhor {*Englaciate rC+++ SInv}
 30431 | Lair:6   | Reached skill level 10 in Throwing
 30753 | Lair:6   | Found a large runed translucent door.
 30754 | Lair:6   | Found a large runed translucent door.
 30814 | Lair:6   | Reached skill level 10 in Stealth
 31160 | Lair:6   | Reached XP level 15. HP: 101/117 MP: 24/29
 31557 | Lair:6   | Found the +7 Spriggan's Knife {stab, EV+4 Stlth+}
 32272 | D:12     | Found a staircase to the Orcish Mines.
 32273 | D:12     | Found Cimuosiz's Armour Shoppe.
 32348 | D:12     | Noticed Rupert
 32689 | D:12     | Learned a level 1 spell: Sandblast
 33178 | D:13     | Reached skill level 10 in Short Blades
 33178 | D:13     | Reached skill level 10 in Long Blades
 33178 | D:13     | Reached skill level 10 in Axes
 33178 | D:13     | Reached skill level 10 in Polearms
 33178 | D:13     | Reached skill level 10 in Staves
 33178 | D:13     | Reached skill level 10 in Slings
 33178 | D:13     | Reached skill level 10 in Bows
 33178 | D:13     | Reached skill level 10 in Crossbows
 33178 | D:13     | Reached skill level 10 in Armour
 33178 | D:13     | Reached skill level 10 in Shields
 33178 | D:13     | Reached skill level 10 in Unarmed Combat
 33178 | D:13     | Reached skill level 10 in Evocations
 33517 | D:13     | Identified the +1 plate armour "Sigonte" {Fly rC+ Str+2}
 33920 | D:13     | Learned a level 2 spell: Blink
 34148 | D:12     | Reached skill level 11 in Invocations
 34186 | D:12     | Paralysed by Rupert for 5 turns
 34332 | Orc:1    | Entered Level 1 of the Orcish Mines
 35070 | Orc:2    | Entered Level 2 of the Orcish Mines
 36013 | Orc:2    | Found a staircase to the Elven Halls.
 36476 | Orc:2    | Found Bimol's Jewellery Shop.
 36797 | Orc:2    | Found Zofanuz's Assorted Antiques.
 36798 | Orc:2    | Found Orhuir's Magic Scroll Emporium.
 36927 | Orc:2    | Bought a potion of resistance for 260 gold pieces
 36927 | Orc:2    | Bought a potion of curing for 78 gold pieces
 36927 | Orc:2    | Bought 2 potions of curing for 156 gold pieces
 36927 | Orc:2    | Bought a potion of curing for 78 gold pieces
 36927 | Orc:2    | Bought a potion of ambrosia for 208 gold pieces
 36927 | Orc:2    | Bought a scroll of vulnerability for 195 gold pieces
 36927 | Orc:2    | Bought a purple potion for 23 gold pieces
 36927 | Orc:2    | Bought a scroll labelled VUATEATEKU for 26 gold pieces
 36930 | Orc:2    | Found Dyxedavi's Antique Armour Boutique.
 36933 | Orc:2    | Bought a scroll of fog for 24 gold pieces
 36933 | Orc:2    | Bought a scroll of identify for 24 gold pieces
 36933 | Orc:2    | Bought a scroll of teleportation for 36 gold pieces
 36933 | Orc:2    | Bought a scroll of identify for 24 gold pieces
 36933 | Orc:2    | Bought a scroll of vulnerability for 90 gold pieces
 36933 | Orc:2    | Bought a scroll of teleportation for 36 gold pieces
 36933 | Orc:2    | Bought a scroll of teleportation for 36 gold pieces
 36942 | Orc:2    | Bought a slimy scale mail for 270 gold pieces
 36942 | Orc:2    | Identified the +2 scale mail "Widavig" {*Corrode rC++
                  | Dex+4} (You bought it in a shop on level 2 of the Orcish
                  | Mines)
 38076 | D:14     | Reached XP level 16. HP: 126/126 MP: 26/30
 38422 | D:14     | Noticed Azrael
 38444 | D:14     | Killed Azrael
 38847 | D:14     | Found a sparkling altar of Nemelex Xobeh.
 38902 | D:14     | Found a gate to the Vaults.
 39309 | D:15     | Entered Level 15 of the Dungeon
 39309 | D:15     | Found Faahyero's Assorted Antiques.
 40568 | D:15     | Bought a scroll of teleportation for 90 gold pieces
 40568 | D:15     | Bought a blue potion for 27 gold pieces
 40568 | D:15     | Bought a wand of iceblast (3) for 120 gold pieces
 40851 | Snake:1  | Entered Level 1 of the Snake Pit
 41939 | Snake:1  | Found a glowing golden altar of the Shining One.
 41947 | Snake:1  | Found Huny's Distillery.
 41956 | Snake:1  | Bought a potion of heal wounds for 65 gold pieces
 41956 | Snake:1  | Bought a potion of lignification for 39 gold pieces
 41956 | Snake:1  | Bought a potion of might for 52 gold pieces
 41956 | Snake:1  | Bought a potion of brilliance for 52 gold pieces
 41956 | Snake:1  | Bought a potion of curing for 39 gold pieces
 41956 | Snake:1  | Bought a potion of curing for 39 gold pieces
 41956 | Snake:1  | Bought a potion of haste for 130 gold pieces
 42564 | Snake:1  | Reached skill level 12 in Invocations
 42897 | Snake:2  | Found Weesm's Whimsical Warehouse.
 42905 | Snake:2  | Learned a level 6 spell: Summon Cactus Giant
 43113 | Snake:2  | Noticed Aizul
 43301 | Snake:2  | Killed Aizul
 45073 | Snake:3  | Reached XP level 17. HP: 124/133 MP: 16/32
 45153 | Snake:3  | Noticed Donald
 45200 | Snake:3  | Killed Donald
 46382 | Snake:3  | Noticed Asterion
 46387 | Snake:3  | Was placed under penance by Elyvilon
 46784 | Snake:3  | Was forgiven by Elyvilon
 47201 | Snake:4  | Entered Level 4 of the Snake Pit
 49545 | Snake:4  | Reached skill level 10 in Conjurations
 49545 | Snake:4  | Reached skill level 10 in Hexes
 49545 | Snake:4  | Reached skill level 10 in Summonings
 49545 | Snake:4  | Reached skill level 10 in Necromancy
 49545 | Snake:4  | Reached skill level 10 in Translocations
 49545 | Snake:4  | Reached skill level 10 in Transmutations
 49545 | Snake:4  | Reached skill level 10 in Fire Magic
 49545 | Snake:4  | Reached skill level 10 in Ice Magic
 49545 | Snake:4  | Reached skill level 10 in Air Magic
 49545 | Snake:4  | Reached skill level 10 in Earth Magic
 49545 | Snake:4  | Reached skill level 10 in Poison Magic
 50242 | Snake:4  | Found Eruitod's Jewellery Shoppe.
 50243 | Snake:4  | Found Imeilest's Book Shop.
 50244 | Snake:4  | Found Ryxog's Jewellery Shoppe.
 50252 | Snake:4  | Bought an amulet of regeneration for 630 gold pieces
 50272 | Snake:4  | Bought a book of Cantrips for 228 gold pieces
 50274 | Snake:4  | Learned a level 1 spell: Apportation
 50731 | Swamp:1  | Entered Level 1 of the Swamp
 51122 | Swamp:1  | Reached skill level 13 in Invocations
 51878 | Swamp:1  | Identified the +8 hand axe of Apogi {vorpal, +Blink rPois
                  | Int-3}
 52073 | Swamp:1  | Acquired the Catalogue of Fetching Combat Magic
 52080 | Swamp:1  | Learned a level 4 spell: Hailstorm
 52231 | Swamp:1  | Reached XP level 18. HP: 142/142 MP: 20/34
 52656 | Swamp:2  | Found a radiant altar of Vehumet.
 53629 | Swamp:2  | Learned a level 3 spell: Stone Arrow
 53916 | Swamp:3  | Noticed Nikola
 54576 | Swamp:3  | Noticed Mara
 54588 | Swamp:3  | Killed Mara
 54848 | Swamp:4  | Entered Level 4 of the Swamp
 54991 | Swamp:4  | Found a frozen archway.
 55032 | IceCv    | Entered an ice cave
 55608 | IceCv    | Found an ancient bone altar of Kikubaaqudgha.
 56057 | IceCv    | Noticed a lich
 56164 | IceCv    | Killed a lich
 56222 | IceCv    | Identified the ring of Ceimooho {rF+ rC+}
 56380 | Swamp:4  | Was placed under penance by Elyvilon
 56472 | Swamp:4  | Was forgiven by Elyvilon
 57188 | Swamp:4  | Got a decaying rune of Zot
 57215 | Swamp:4  | Reached XP level 19. HP: 147/150 MP: 32/36
 58081 | Swamp:4  | Identified the +7 broad axe of Rihathoh {spect, +Blink
                  | Stlth+}
 58099 | Swamp:4  | Identified the +3 hand axe of Suicidal Tendencies {vorpal,
                  | Int+5}
 58406 | D:12     | Reached skill level 14 in Invocations
 59468 | Snake:4  | Bought Ozocubu's Autobiography for 456 gold pieces
 59473 | Snake:4  | Learned a level 3 spell: Ozocubu's Armour
 61732 | Snake:4  | Got a serpentine rune of Zot
 62660 | Snake:2  | Killed Asterion
 63721 | D:12     | Killed Rupert
 64018 | Swamp:3  | Killed Nikola
 64519 | Vaults:1 | Entered Level 1 of the Vaults
 66272 | Vaults:1 | Reached XP level 20. HP: 131/159 MP: 20/37
 67217 | Vaults:2 | Learned a level 2 spell: Static Discharge
 67324 | Vaults:2 | Found a staircase to the Crypt.
 67324 | Vaults:2 | Found an ancient bone altar of Kikubaaqudgha.
 67325 | Vaults:2 | Found a basalt altar of Yredelemnul.
 67423 | Vaults:2 | You fall into a shaft and drop 1 floor!
 67423 | Vaults:3 | Noticed Margery
 67491 | Vaults:3 | Identified the +7 leather armour of Hide-and-Seek {Contam
                  | +Inv Str+3 Int+2}
 67492 | Vaults:3 | dang
 67492 | Vaults:3 | good upgrade
 67568 | Vaults:3 | Reached skill level 15 in Maces & Flails
 67613 | Vaults:3 | Found Curhyuh's Jewellery Shoppe.
 67891 | Vaults:2 | Found Nism's Antique Weapon Emporium.
 68911 | Vaults:2 | Identified the +2 hat "Vitoyth" {rC+ Str+4 Dex+4}
 68913 | Vaults:2 | Identified the +2 robe "Fastrikuitz" {rN+ Int+2}
 68945 | Vaults:2 | Found the +3 robe of Clouds {*Thunder rCloud rElec}
 68952 | Vaults:2 | Reached skill level 15 in Invocations
 68972 | Vaults:2 | Found a radiant altar of Vehumet.
 68973 | Vaults:2 | Noticed Bai Suzhen
 69196 | Vaults:2 | Identified the +2 hat of Mitwutus {Contam Rampage Dex+5
                  | SInv}
 70516 | Vaults:3 | Killed Margery
 70517 | Vaults:3 | nice
 70633 | Vaults:3 | Found a transporter.
 70679 | Vaults:3 | Found a transporter.
 70966 | Vaults:3 | Killed Bai Suzhen
 71769 | Vaults:3 | Was placed under penance by Elyvilon
 72095 | Vaults:3 | Was forgiven by Elyvilon
 72158 | Vaults:3 | Reached XP level 21. HP: 154/167 MP: 24/39
 74027 | Vaults:3 | Reached skill level 15 in Fighting
 74027 | Vaults:3 | Reached skill level 15 in Dodging
 75383 | Vaults:4 | Identified the ring "Naabal" {Dex+6 Stlth+}
 76618 | Vaults:4 | Found a runed translucent gate.
 76618 | Vaults:4 | Found a runed translucent gate.
 76620 | Vaults:4 | Found a runed translucent gate.
 76621 | Vaults:4 | Noticed corvin's ghost (veteran TrBe)
 76709 | Vaults:4 | Reached skill level 15 in Spellcasting
 76834 | Vaults:4 | Reached skill level 16 in Invocations
 76978 | Vaults:4 | Reached skill level 15 in Throwing
 77175 | Vaults:4 | Learned a level 7 spell: Ozocubu's Refrigeration
 77481 | Vaults:1 | Reached XP level 22. HP: 155/166 MP: 32/41
 77484 | Vaults:1 | Reached skill level 15 in Stealth
 77792 | Elf:1    | Entered Level 1 of the Elven Halls
 77795 | Elf:1    | Noticed Agnes
 77969 | Elf:1    | Killed Agnes
 78037 | Elf:1    | Found a magical portal.
 78117 | WizLab   | Entered Iskenderun's Mystic Tower
 79294 | WizLab   | Reached skill level 15 in Short Blades
 79294 | WizLab   | Reached skill level 15 in Long Blades
 79294 | WizLab   | Reached skill level 15 in Axes
 79294 | WizLab   | Reached skill level 15 in Polearms
 79294 | WizLab   | Reached skill level 15 in Staves
 79294 | WizLab   | Reached skill level 15 in Slings
 79294 | WizLab   | Reached skill level 15 in Bows
 79294 | WizLab   | Reached skill level 15 in Crossbows
 79294 | WizLab   | Reached skill level 15 in Armour
 79294 | WizLab   | Reached skill level 15 in Shields
 79294 | WizLab   | Reached skill level 15 in Unarmed Combat
 79294 | WizLab   | Reached skill level 15 in Evocations
 80225 | WizLab   | Got Sif Muna's Almanac of Transmigration and the Frostbite
 80304 | WizLab   | Got Iskenderun's Grimoire of Conjuration
 80304 | WizLab   | Got Iskenderun's Tome of Combat Magic
 81240 | Elf:1    | Found Joll's Antique Armour Shop.
 81244 | Elf:1    | Found Zohopt's Assorted Antiques.
 81244 | Elf:1    | Found Sikot's Assorted Antiques.
 81249 | Elf:1    | Found Lunante's Jewellery Boutique.
 81254 | Elf:1    | Bought a potion of curing for 60 gold pieces
 81276 | Elf:1    | Bought an ancient hand crossbow for 255 gold pieces
 81276 | Elf:1    | Identified the +5 hand crossbow of Cruel Justice {penet,
                  | Fragile rF+ Will+ Str+2} (You bought it in a shop on level
                  | 1 of the Elven Halls)
 81276 | Elf:1    | Bought a scroll of fog for 60 gold pieces
 82328 | D:12     | Learned a level 5 spell: Irradiate
 82616 | Elf:2    | Paralysed by an air elemental for 1 turns
 82718 | Elf:2    | Found a runed translucent gate.
 82718 | Elf:2    | Found a runed translucent gate.
 82718 | Elf:2    | Found a runed translucent gate.
 83665 | Elf:3    | Entered Level 3 of the Elven Halls
 83973 | Elf:3    | Found Korutsoj's Book Shoppe.
 84527 | Elf:3    | Identified the amulet "Gegg" {rPois Regen+ Str+4}
 84877 | Elf:3    | Reached XP level 23. HP: 184/184 MP: 32/42
 85705 | Elf:3    | Identified the +1 leather armour "Wiedghut" {MP+9 SInv}
 85858 | Elf:3    | Identified the ring of Vuikal {Fly rC- Dex+6}
 87118 | Elf:3    | Got the Disquisition on Black Arts
 87188 | Elf:3    | Reached skill level 17 in Invocations
 87206 | Elf:3    | Identified the +8 great sword of Bosotsia {flame, *Slow
                  | Will+++ Dex+2}
 87355 | Elf:3    | Got the Disquisition on Ashen Ice
 87365 | Elf:3    | Learned a level 5 spell: Lee's Rapid Deconstruction
 87728 | D:15     | Found a staircase to the Depths.
 87821 | Depths:1 | Entered Level 1 of the Depths
 87825 | Depths:1 | Found a portal to a secret trove of treasure.
 88094 | Depths:1 | Noticed a golden dragon
 88169 | Depths:1 | Found a one-way gate leading to the halls of Pandemonium.
 88976 | Depths:1 | Noticed a juggernaut
 88976 | Depths:1 | a rockslime changed into a juggernaut
 89124 | Depths:1 | Found a one-way gateway to a ziggurat.
 90309 | Depths:1 | Killed a golden dragon
 90372 | Depths:1 | Found a gateway to Hell.
 90406 | Depths:1 | Found a hazy altar of Hepliaklqana.
 91448 | Depths:2 | Reached XP level 24. HP: 193/193 MP: 22/43
 91987 | Depths:2 | Found a one-way gate to the infinite horrors of the Abyss.
 91987 | Depths:2 | Noticed Louise
 91998 | Depths:2 | Killed Louise
 92613 | Depths:2 | Noticed a caustic shrike
 92615 | Depths:2 | Killed a caustic shrike
 93353 | Depths:2 | Noticed Saint Roka
 93366 | Depths:2 | Killed Saint Roka
 94447 | Depths:3 | Found a white marble altar of Elyvilon.
 94596 | Depths:3 | Found an ancient bone altar of Kikubaaqudgha.
 95310 | Depths:4 | Entered Level 4 of the Depths
 95310 | Depths:4 | Found a runed translucent door.
 95314 | Depths:4 | Noticed Polaczum's ghost (adept TrMo)
 95334 | Depths:4 | Killed Polaczum's ghost
 95646 | Depths:4 | Found a broken altar of Ashenzari.
 95986 | Depths:4 | Reached skill level 18 in Invocations
 96604 | Depths:4 | Identified the +2 plate armour of Nongad {rElec Str+4}
 97622 | Depths:4 | Found a gate to the Realm of Zot.
 97626 | Depths:4 | Reached XP level 25. HP: 201/201 MP: 43/43
 98208 | Depths:3 | Noticed a juggernaut
 98208 | Depths:3 | You fall into a shaft and drop 1 floor!
 98209 | Depths:4 | lol
 98301 | Depths:3 | Killed a juggernaut
 98961 | Depths:3 | Learned a level 6 spell: Iron Shot
 98980 | Depths:3 | Noticed a juggernaut
 98990 | Depths:3 | Killed a juggernaut
100244 | Depths:3 | Identified the +3 shortbow of Dismemberment {venom, Int+7}
100304 | Depths:3 | Got Ytupax's Compendium of Spatial Summoning
101028 | Elf:1    | Bought the ring "Irecw" {Str+6 Int+6 Dex+3} for 1519 gold
                  | pieces
101627 | Vaults:3 | Identified the +3 cloak of Duck's Teeth {rN+ Str+4 Int+4}
102145 | Slime:1  | Entered Level 1 of the Pits of Slime
102506 | Slime:2  | You fall into a shaft and drop 1 floor!
103077 | Slime:4  | Noticed Dissolution
103080 | Slime:4  | Killed Dissolution
103263 | Slime:5  | Entered Level 5 of the Pits of Slime
104684 | Slime:5  | Found a viscous altar of Jiyva.
104686 | Slime:5  | Noticed the Royal Jelly
105071 | Slime:5  | Gained mutation: Potions are less effective at restoring
                  | your health. [a shining eye]
105187 | Slime:5  | Found the +5 scythe "Finisher" {speed, eviscerate}
105483 | Slime:5  | Killed the Royal Jelly
105484 | Slime:5  | Reached XP level 26. HP: 211/211 MP: 21/44
105747 | Slime:5  | Got a slimy rune of Zot
105748 | Slime:5  | Identified the +2 flail of Conscience {venom, Contam *Rage
                  | rElec rN+++}
105787 | Slime:5  | Acquired 498 gold pieces
106777 | Snake:4  | Bought Great Wizards, Vol. VII for 570 gold pieces
107092 | Elf:1    | Bought a polished leather armour for 140 gold pieces
107092 | Elf:1    | Identified the +3 leather armour of Couqomi {rElec} (You
                  | bought it in a shop on level 1 of the Elven Halls)
107388 | D:15     | Bought a polished leather armour for 210 gold pieces
107388 | D:15     | Identified the +2 leather armour "Rimi" {Rampage rPois
                  | Dex-3} (You bought it in a shop on level 15 of the Dungeon)
107566 | Crypt:1  | Entered Level 1 of the Crypt
108139 | Crypt:1  | Paralysed by a vampire knight for 2 turns
109063 | Crypt:2  | Reached skill level 19 in Invocations
109188 | Crypt:2  | Identified the ring "Jeck" {Wiz rC+ Str+5}
109222 | Crypt:2  | Learned a level 5 spell: Yara's Violent Unravelling
109598 | Crypt:2  | Reached skill level 15 in Conjurations
109598 | Crypt:2  | Reached skill level 15 in Hexes
109598 | Crypt:2  | Reached skill level 15 in Summonings
109598 | Crypt:2  | Reached skill level 15 in Necromancy
109598 | Crypt:2  | Reached skill level 15 in Translocations
109598 | Crypt:2  | Reached skill level 15 in Transmutations
109598 | Crypt:2  | Reached skill level 15 in Fire Magic
109598 | Crypt:2  | Reached skill level 15 in Ice Magic
109598 | Crypt:2  | Reached skill level 15 in Air Magic
109598 | Crypt:2  | Reached skill level 15 in Earth Magic
109598 | Crypt:2  | Reached skill level 15 in Poison Magic
109956 | Crypt:2  | Identified the ring "Piavikluebb" {rPois EV+4}
110798 | Crypt:3  | Entered Level 3 of the Crypt
111118 | Crypt:3  | Noticed Khufu
111125 | Crypt:3  | Noticed a royal mummy
112090 | Crypt:3  | Identified the +3 robe of the Villain {rPois rC+ Int-4}
112864 | Crypt:3  | Noticed Mennas
113697 | Crypt:3  | Killed a royal mummy
114055 | Crypt:3  | Identified the +9 quarterstaff of Currency {flame, +Blink
                  | Will+}
114058 | Crypt:3  | Identified the amulet of Zicakhak {Spirit +Blink Str+4}
114060 | Crypt:3  | Got the Reference Book on Poisoning and Heat
114390 | Crypt:3  | Found a staircase to the Tomb.
114395 | Tomb:1   | Entered Level 1 of the Tomb of the Ancients
115670 | Tomb:1   | Noticed a royal mummy
115832 | Tomb:1   | Killed a royal mummy
115833 | Tomb:1   | Reached XP level 27. HP: 97/218 MP: 22/45
116066 | Tomb:1   | Noticed a royal mummy
116493 | Tomb:1   | Killed a royal mummy
117539 | Crypt:2  | Killed Khufu
117690 | Vaults:5 | Entered Level 5 of the Vaults
117899 | Vaults:5 | Identified the +1 leather armour of Truth {+Inv rC++ Dex-2
                  | Stlth+}
117908 | Vaults:5 | Identified the +9 short sword of the Hall of Blades
                  | {vorpal, rElec rCorr Int+3}
117979 | Vaults:5 | Got a silver rune of Zot
118991 | Vaults:5 | Identified the +4 shortbow "Kaqoemm" {vorpal, SInv}
119660 | Vaults:5 | Reached skill level 20 in Invocations
119840 | Vaults:5 | Got the Reference Book on Shape Shifting and Clay
120378 | Vaults:5 | Noticed a dread lich
120385 | Vaults:5 | Killed a dread lich
122260 | Vaults:5 | Learned a level 8 spell: Maxwell's Capacitive Coupling
122756 | Snake:4  | Bought a book of the Spheres for 1026 gold pieces
123210 | Depths:2 | Voluntarily entered the Abyss.
123536 | Abyss:5  | Entered Level 5 of the Abyss
123579 | Abyss:5  | Found a corrupted altar of Lugonu.
123622 | Abyss:5  | Got an abyssal rune of Zot
123715 | Depths:2 | Escaped the Abyss
123931 | Zot:1    | Entered Level 1 of the Realm of Zot
124827 | Zot:4    | Noticed an orb of fire
125503 | Zot:2    | Found a transporter.
125954 | Vaults:4 | Killed corvin's ghost
126135 | Vaults:4 | Identified the amulet "Minwink" {RegenMP *Slow rN+++ Str+7
                  | Int+2}
128377 | Zot:5    | Entered Level 5 of the Realm of Zot
129355 | Zot:4    | Reached skill level 21 in Invocations
129395 | Zot:4    | Gained mutation: You are occasionally teleported next to
                  | monsters. [an orb of fire]
129397 | Zot:4    | Killed an orb of fire
129794 | Vaults:3 | Lost mutation: You are occasionally teleported next to
                  | monsters. [potion of mutation]
129794 | Vaults:3 | Lost mutation: Potions are less effective at restoring your
                  | health. [potion of mutation]
129794 | Vaults:3 | Gained mutation: Your mind is acute. (Int +2) [potion of
                  | mutation]
129794 | Vaults:3 | Gained mutation: Your system is resistant to poisons.
                  | (rPois) [potion of mutation]
129794 | Vaults:3 | Gained mutation: Your spells are a little harder to cast,
                  | but a little more powerful. [potion of mutation]
131992 | Zot:5    | Noticed a dread lich
132583 | Zot:5    | Noticed an orb of fire
132990 | Zot:5    | Noticed an orb of fire
132996 | Zot:5    | Gained mutation: You tend to lose your temper in combat.
                  | [an orb of fire]
132996 | Zot:5    | Noticed an orb of fire
133015 | Zot:5    | Gained mutation: You are frail. (-10% HP) [an orb of fire]
133019 | Zot:5    | Killed an orb of fire
133034 | Zot:5    | Killed an orb of fire
133620 | Crypt:2  | Lost mutation: Your mind is acute. (Int +2) [potion of
                  | mutation]
133620 | Crypt:2  | Lost mutation: Your spells are a little harder to cast, but
                  | a little more powerful. [potion of mutation]
133620 | Crypt:2  | Lost mutation: Your system is resistant to poisons. (rPois)
                  | [potion of mutation]
133620 | Crypt:2  | Gained mutation: You are agile. (Dex +2) [potion of
                  | mutation]
133630 | Crypt:2  | Lost mutation: You tend to lose your temper in combat.
                  | [potion of mutation]
133630 | Crypt:2  | Lost mutation: You are frail. (-10% HP) [potion of
                  | mutation]
133630 | Crypt:2  | Lost mutation: You are agile. (Dex +2) [potion of mutation]
133630 | Crypt:2  | Gained mutation: You sometimes lose the ability to read
                  | scrolls when taking damage. [potion of mutation]
133776 | Vaults:5 | Lost mutation: You sometimes lose the ability to read
                  | scrolls when taking damage. [potion of mutation]
133776 | Vaults:5 | Gained mutation: Your muscles are strong. (Str +2) [potion
                  | of mutation]
133776 | Vaults:5 | Lost mutation: Your muscles are strong. (Str +2) [potion of
                  | mutation]
133776 | Vaults:5 | Gained mutation: Your body sometimes deteriorates upon
                  | taking damage. [potion of mutation]
134642 | Zot:5    | Killed a dread lich
135932 | Zot:5    | Got the Orb of Zot
136044 | Zot:3    | Noticed Cirashry the pandemonium lord
136051 | Zot:3    | Killed Cirashry the pandemonium lord
136485 | D:$      | Escaped with the Orb!

Illustrated notes ########+#### #...........# #...........# #..###.###..# #.#.##..+ #.#.#.#..# ..#.#.#..@# ∆ ..#.#.#.#..# #..##.#.##..# #. ##.# #..+ # ... ...# ... ....# #### ##### Turn 67492 on Vaults:3: dang

,,,,* #..## ##..# *,,,* ,,,,*
#..# #..# *,,,* ,,,,* #..# #..#
*,,,* ,,,,* #..## ##..# *,,,*
,,,,* #...# #...# *,,,* ,,,,*
##..### ###..## *,,,* ,,,,*
#....####....# *,,,* ,,,,*
##..........## *,,,* ,,,,*
###.@....### *,,∆*
'*#############)#########***,,,**
,,.............p......@..,,,,∆,,,
,,.......................,,,,,,,,
,,.......................,,,,,,,,
**###+###############'###***,,,**
,,,,,,,,,,,,,** *,,,,..,,**,,,*
****⌠,⌠*****,,* *,,,,,..,**,,,*
,,,*,,,*∆∆,**,** *,,,,,,,,**,,,**


Turn 70517 on Vaults:3: nice ......................#########
...............#..............# ..............##...8.8.8.8.8..#
............##................# .##........##.....#..###..#####
..#.......#####..........## ..#.....### #....#####.# ........# #..........#
........# #.@...8.8..# ...##...## ###........# ...#.....# #...8.8..# ..<.....##
#........# ...##..## #...8....# .....#..# #........# .^....#.# ####.....#
........# ####### .....^.[# Turn 98209 on Depths:4: lol

Levels and vault maps discovered:
D:1:      wander_arrival_fairy_ring, layout_basic,
          shapermc_ecumenical_altar_mp_highgroup, due_unseen_surprise
D:2:      layout_basic, minivault_25, minmay_misc_feat_square,
          nicolae_elevator_lobby_plus
D:3:      layout_basic, minmay_overflow_temple_hex, minmay_strange_pillars,
          uniq_terence
D:4:      wad_river_or_something, layout_rooms, jmf_multi_god_temple2,
          minmay_temple_entry_proselytizer
D:5:      layout_rooms, mainiacjoe_overflow_tiny_flanked, serial_shops,
          nicolae_shop_behind_doors, uniq_duvessa, uniq_prince_ribbit1
D:6:      layout_loops_cross, kennysheep_donut
D:7:      layout_basic, enter_bailey_7, lemuel_flamethrower_1, uniq_joseph
D:8:      layout_basic, uniq_grum
D:9:      layout_layer_cave, slow_altar_1, nicolae_dithmenos_shadow_blocks,
          serial_shops, nicolae_stop_n_shop_2, hangedman_decor_riveting,
          hangedman_weighted_door, kennysheep_decorative_pillar,
          onia_ninara_cookie
D:10:     layout_gridville
D:11:     layout_loops_cross, dpeg_lair_monsters, gauntlet_entry_generic
D:12:     layout_rooms, orc_david_3, uniq_rupert
D:13:     layout_roguey
D:14:     layout_long_grid, david_vaults_2, nemelex_diamond_rough_becter,
          corexii_hall_statues_i, uniq_azrael
D:15:     grunt_enter_depths_snipers, layout_small_grid, minivault_4,
          serial_shops, nicolae_inconvenience_store
Lair:1:   layout_loops_ring
Lair:2:   layout_gridlike, skrybe_swamp_entry_bodies, grunt_megastairs_3,
          infiniplex_staircase_pool, serial_bayou_shore_b
Lair:3:   regret_index_combs_of_tragedy, layout_regular_city
Lair:4:   layout_big_grid, minmay_snake_entry_guardpost_small
Lair:5:   layout_roguey, minmay_slime_entry_oklob_open,
          cheibrodos_lair_caveside_slide
Lair:6:   cheibrodos_lair_end_hotspot, layout_long_grid,
          hellmonk_guarded_unrand_zhor
Swamp:1:  layout_basic_swamp, nicolae_swamp_trees_clearing,
          nicolae_swamp_bunyip_nook
Swamp:2:  layout_basic_swamp, lemuel_altar_in_water, swamp_pool1,
          nicolae_swamp_fairy_circle
Swamp:3:  layout_falls_marsh, evilmike_swamp_ruin_rubble_2, swamp_pool1,
          uniq_nikola, uniq_mara
Swamp:4:  swamp_alternative, layout_basic_swamp,
          portal_ice_cave_entry_frozen_things, swamp_pool4,
          nicolae_swamp_orc_logging_accident, nicolae_swamp_big_swirl
Snake:1:  layout_layer_cave, basic_altar, serial_shops, shop_statue
Snake:2:  layout_misc_corridors, nicolae_alphabet_shops, serial_bayou_shore_b,
          grunt_megastairs_2, uniq_aizul
Snake:3:  layout_onion, nicolae_snake_salamander_jacuzzi, lemuel_fruit_tree,
          grunt_megastairs_1, serial_bayou_shore_a, serial_bayou_shore_b,
          serial_bayou_shore_b, uniq_donald, uniq_asterion
Snake:4:  johnstein_snake_rune_scales, layout_misc_corridors,
          serial_bayou_lagoon_b, minmay_shop_grove
Slime:1:  layout_caves
Slime:2:  layout_caves, nicolae_slime_barrier
Slime:3:  layout_caves
Slime:4:  layout_caves, dissolution_awaits
Slime:5
Orc:1:    layout_caves, nicolae_orc_damp_corner
Orc:2:    st_orc_open, layout_diamond_mine
Elf:1:    nicolae_elf_arrival_no_cutting_in_line, layout_geoelf_octagon,
          mu_enter_wizlab_4, hangedman_elven_crosses_minicolossus,
          minmay_shoptagon, uniq_agnes
Elf:2:    nicolae_elf_blades_crystal_corner, layout_geoelf_diagonals
Elf:3:    nooodl_elf_gasket, layout_loops_cross, serial_shops,
          nicolae_shop_crystal
Vaults:1: ontoclasm_vaults_ring_large, grunt_vaults_trifunnel, v_misc_9,
          v_misc_19, nicolae_vaults_what_the_h, ontoclasm_vaults_chip,
          vaults_room_pool, vaults_dpeg_encased_lava, layout_vaults_omnigrid
Vaults:2: minmay_crypt_entry_necro_gods, nicolae_vaults_windows_and_doors_thing,
          ontoclasm_vaults_pinch, vaults_room_grid, grunt_tower_of_power,
          hangedman_vaults_impose, ontoclasm_vaults_spin,
          nicolae_vaults_hallways_thing, ontoclasm_vaults_gateway, v_misc_4,
          layout_vaults_omnibox, serial_shops, nicolae_shop_behind_doors,
          uniq_bai_suzhen
Vaults:3: v_misc_17, gammafunk_the_bubble [the_bubble_gammafunk_split],
          nicolae_vaults_stairing_the_circle, ontoclasm_vaults_ring_large,
          v_misc_26, nicolae_vaults_shelves_hall, hangedman_vaults_cutoff,
          v_alt_pattern_2, vaults_mumra_lcd, ontoclasm_vaults_misaligned,
          layout_vaults_big_cross, serial_shops, shop, uniq_margery
Vaults:4: gammafunk_ghost_spectres, nicolae_vaults_triangles, vaults_mumra_hex,
          vaults_mumra_minichess, v_rooms_4, v_misc_29,
          vaults_mumra_minichess_inversion, v_misc_8, layout_vaults_maze_snakey
Vaults:5
Crypt:1:  layout_basic, grunt_crypt_arrival_split
Crypt:2:  layout_misc_corridors, minivault_11, minivault_24, st_shrine_of_skulls
Crypt:3:  david_glass_crypt, layout_misc_corridors,
          nicolae_tomb_entry_grand_gallery, chequers_hall_statues_wall_a,
          minmay_misc_feat_cross, st_stairs_1, wad_floor_pattern_untrapped,
          feat_on_display, uniq_khufu, uniq_mennas
Tomb:1
Depths:1: kennysheep_big_flooded_room, layout_cave_pools, enter_ziggurat_c,
          nicolae_sextant, hell_entry, rand_demon_pan_entry_5, enter_trove_0,
          nicolae_hepliaklqana_hippocampus
Depths:2: minmay_spiral_squares, layout_gridville, pan_entry,
          nicolae_abyss_entry_one_way_or_another, hell_entry,
          minmay_staircase_statues, uniq_saint_roka
Depths:3: minmay_four_inscribed_fans, layout_gridlike, abyss_entry,
          hangedman_tar_grid_catacomb, kiku_gazebo_pond_becter,
          elyvilon_altar_4, infiniplex_staircase_spiral
Depths:4: grunt_zot_entry_tricorne, layout_cave_pools, lightli_too_deep,
          hellmonk_ghost_happy_afterlife, serial_column_ruins,
          column_ruins_open_large, column_ruins_open_tiny,
          column_ruins_columns_straight, column_ruins_grid_3,
          column_ruins_open_tiny, column_ruins_grid_1, column_ruins_open_large,
          nicolae_ashenzari_skybound, pan_entry
Zot:1:    layout_basic
Zot:2:    gammafunk_its_a_trap, layout_gridlike
Zot:3:    grunt_zot_stairs_faceoff, layout_concentric_octagons,
          st_small_dragon_hoard_3, grunt_megastairs_5
Zot:4:    lemuel_acid_trip, layout_onion_interference
Zot:5:    layout_gridlike

Skill      XL: |  1  2  3  4  5  6  7  8  9 10 11 12 13 14 15 16 17 18 19 20 21 22 23 24 25 26 27 |
---------------+----------------------------------------------------------------------------------+-----
Invocations    | 1 2 3 4 5 6 7 8 9 10 11 12 13 14 15 16 17 18 19 21 | 21.3
Short Blades   | 1 2 3 4 5 6 7 8 9 10 11 12 13 14 15 16 17 18 19 | 19.7
Long Blades    | 1 2 3 4 5 6 7 8 9 10 11 12 13 14 15 16 17 18 19 | 19.7
Axes           | 1 2 3 4 5 6 7 8 9 10 11 12 13 14 15 16 17 18 19 | 19.7
Polearms       | 1 2 3 4 5 6 7 8 9 10 11 12 13 14 15 16 17 18 19 | 19.7
Staves         | 1 2 3 4 5 6 7 8 9 10 11 12 13 14 15 16 17 18 19 | 19.7
Slings         | 1 2 3 4 5 6 7 8 9 10 11 12 13 14 15 16 17 18 19 | 19.7
Bows           | 1 2 3 4 5 6 7 8 9 10 11 12 13 14 15 16 17 18 19 | 19.7
Crossbows      | 1 2 3 4 5 6 7 8 9 10 11 12 13 14 15 16 17 18 19 | 19.7
Armour         | 1 2 3 4 5 6 7 8 9 10 11 12 13 14 15 16 17 18 19 | 19.7
Shields        | 1 2 3 4 5 6 7 8 9 10 11 12 13 14 15 16 17 18 19 | 19.7
Unarmed Combat | 1 2 3 4 5 6 7 8 9 10 11 12 13 14 15 16 17 18 19 | 19.7
Evocations     | 1 2 3 4 5 6 7 8 9 10 11 12 13 14 15 16 17 18 19 | 19.7
Spellcasting   | 3 4 5 6 7 8 9 10 11 12 13 14 15 16 17 18 19 | 19.9
Conjurations   | 1 2 3 4 5 6 7 8 9 10 11 12 13 14 15 16 | 16.9
Hexes          | 1 2 3 4 5 6 7 8 9 10 11 12 13 14 15 16 | 16.9
Summonings     | 1 2 3 4 5 6 7 8 9 10 11 12 13 14 15 16 | 16.9
Necromancy     | 1 2 3 4 5 6 7 8 9 10 11 12 13 14 15 16 | 16.9
Translocations | 1 2 3 4 5 6 7 8 9 10 11 12 13 14 15 16 | 16.9
Transmutations | 1 2 3 4 5 6 7 8 9 10 11 12 13 14 15 16 | 16.9
Fire Magic     | 1 2 3 4 5 6 7 8 9 10 11 12 13 14 15 16 | 16.9
Ice Magic      | 1 2 3 4 5 6 7 8 9 10 11 12 13 14 15 16 | 16.9
Air Magic      | 1 2 3 4 5 6 7 8 9 10 11 12 13 14 15 16 | 16.9
Earth Magic    | 1 2 3 4 5 6 7 8 9 10 11 12 13 14 15 16 | 16.9
Poison Magic   | 1 2 3 4 5 6 7 8 9 10 11 12 13 14 15 16 | 16.9
Throwing       | 3 4 5 6 7 8 9 10 11 12 13 14 15 16 17 18 19 | 19.9
Stealth        | 3 4 5 6 7 8 9 10 11 12 13 14 15 16 17 18 19 | 19.9
Fighting       | 5 6 7 8 9 10 11 12 13 14 15 16 17 18 20 | 20.2
Dodging        | 5 6 7 8 9 10 11 12 13 14 15 16 17 18 20 | 20.2
Maces & Flails | 7 8 9 10 11 12 13 14 15 16 17 18 19 20 | 20.6

Action                   |  1- 3 |  4- 6 |  7- 9 | 10-12 | 13-15 | 16-18 | 19-21 | 22-24 | 25-27 || total
-------------------------+-------+-------+-------+-------+-------+-------+-------+-------+-------++-------
Melee: Flail             |    51 |    24 |    25 |    34 |       |       |       |       |       ||   134
       Bite              |     2 |     7 |    35 |    71 |   149 |   145 |   200 |    81 |   245 ||   935
       Dagger            |       |    79 |   220 |   370 |     1 |       |       |       |       ||   670
       Punch             |       |     2 |    12 |    23 |       |       |       |       |       ||    37
       Mace              |       |       |    28 |    68 |       |       |       |       |       ||    96
       War axe           |       |       |       |     4 |       |       |       |       |       ||     4
       Staff             |       |       |       |    16 |   808 |   854 |   700 |   310 |   892 ||  3580
       Knife             |       |       |       |       |   149 |   134 |   296 |   237 |   243 ||  1059
       Broad axe         |       |       |       |       |       |       |       |       |    46 ||    46
 Fire: Hunting sling     |    12 |   100 |   141 |   493 |       |       |       |       |       ||   746
Throw: Dart              |       |       |     4 |       |       |       |     1 |       |       ||     5
       Throwing net      |       |       |     2 |       |       |       |       |       |       ||     2
       Boomerang         |       |       |       |       |       |    14 |     1 |    21 |     1 ||    37
 Cast: Foxfire           |       |       |     4 |     7 |   581 |   895 |   430 |    39 |       ||  1956
       Passwall          |       |       |       |     7 |    11 |    34 |     3 |    28 |    58 ||   141
       Flame Wave        |       |       |       |     6 |    46 |     3 |    16 |       |       ||    71
       Sticky Flame      |       |       |       |       |    48 |    47 |    20 |     8 |     2 ||   125
       Summon Mana Viper |       |       |       |       |    34 |    63 |    42 |     9 |    10 ||   158
       Sandblast         |       |       |       |       |       |     3 |       |       |       ||     3
       Summon Cactus Gia |       |       |       |       |       |    43 |    29 |    22 |    17 ||   111
       Hailstorm         |       |       |       |       |       |    23 |   141 |   170 |    60 ||   394
       Apportation       |       |       |       |       |       |     3 |     1 |     4 |    28 ||    36
       Stone Arrow       |       |       |       |       |       |     2 |     5 |     4 |       ||    11
       Ozocubu's Armour  |       |       |       |       |       |       |    14 |     1 |     4 ||    19
       Static Discharge  |       |       |       |       |       |       |   146 |    76 |       ||   222
       Irradiate         |       |       |       |       |       |       |       |   107 |   136 ||   243
       Ozocubu's Refrige |       |       |       |       |       |       |       |   124 |   278 ||   402
       Lee's Rapid Decon |       |       |       |       |       |       |       |     2 |    83 ||    85
       Iron Shot         |       |       |       |       |       |       |       |       |   231 ||   231
       Yara's Violent Un |       |       |       |       |       |       |       |       |     5 ||     5
       Maxwell's Capacit |       |       |       |       |       |       |       |       |     1 ||     1
Invok: Heal Other        |       |       |     2 |     9 |     3 |    22 |    28 |       |    12 ||    76
       Heal Self         |       |       |     4 |    13 |       |     5 |     3 |     1 |     6 ||    32
       Purification      |       |       |       |       |     1 |     6 |       |     2 |     5 ||    14
       Divine Vigour     |       |       |       |       |       |       |       |       |     1 ||     1
Evoke: Wand              |       |       |       |       |       |     3 |     2 |       |     3 ||     8
       Box of beasts     |       |       |       |       |       |       |       |       |     1 ||     1
       Phantom mirror    |       |       |       |       |       |       |       |       |     1 ||     1
  Use: Scroll            |       |       |     5 |     6 |    12 |    10 |     5 |     5 |    26 ||    69
       Potion            |       |       |     1 |       |     2 |       |       |       |     9 ||    12
 Stab: Sleeping          |     5 |       |       |    11 |    26 |    51 |    74 |   113 |   121 ||   401
       Distracted        |       |       |       |       |     2 |     7 |     2 |     1 |     6 ||    18
       Invisible         |       |       |       |       |       |       |       |       |     4 ||     4
Armor: Robe              |     5 |       |       |       |       |       |       |       |       ||     5
       Ring mail         |     8 |    11 |       |       |       |       |       |       |       ||    19
       Scale mail        |       |    23 |    99 |       |       |       |       |       |       ||   122
       Steam dragon scal |       |       |    14 |   201 |     3 |       |       |       |       ||   218
       Leather armour    |       |       |       |       |   105 |       |       |       |       ||   105
       Animal skin       |       |       |       |       |    67 |   159 |   222 |    66 |   187 ||   701
Dodge: Dodged            |    18 |    60 |   151 |   522 |   629 |   599 |   828 |   408 |  1021 ||  4236
Block: Other             |       |     4 |    60 |   119 |       |       |       |       |       ||   183
       Reflection        |       |       |     2 |     6 |     7 |    25 |    31 |    13 |    21 ||   105
       Buckler           |       |       |       |   101 |   538 |   397 |   465 |   218 |   572 ||  2291
